 Dungeon Crawl Stone Soup version 0.29.0-4-gdea44cf6ec (webtiles) character file.

Game seed: 1970704842858813355

3 mortz the Conjurer (level 1, 13/13 HPs)
             Began as a Gnoll Conjurer on Aug 27, 2022.
             Was a Follower of Qazlal.
             Quit the game on level 1 of the Dungeon.
             The game lasted 00:01:16 (73 turns).

mortz the Conjurer (Gnoll Conjurer)                   Turns: 73, Time: 00:01:18

Health: 13/13      AC:  2    Str:  6    XL:     1   Next: 50%
Magic:  4/6        EV: 13    Int: 17    God:    Qazlal [*.....]
Gold:   0          SH:  1    Dex: 10    Spells: 8/9 levels left

rFire   . . .      SeeInvis .   (no weapon)
rCold   . . .      Faith    .   (no shield)
rNeg    . . .      Spirit   .   a - +0 robe
rPois   .          Reflect  .   (no helmet)
rElec   .          Harm     .   (no cloak)
rCorr   .          Rampage  .   (no gloves)
Will    .....                   (no boots)
Stlth   ++........              (no amulet)
HPRegen 0.04/turn               (no ring)
MPRegen 0.10/turn               (no ring)

@: no status effects
A: fangs 1, strong nose, distributed training
a: Renounce Religion


You were on level 1 of the Dungeon.
You worshipped Qazlal.
Qazlal was aware of your devotion.
You visited 1 branch of the dungeon, and saw 1 of its levels.

Inventory:

Armour
 a - a +0 robe (worn)
Scrolls
 c - a scroll of vulnerability {unknown}
Potions
 b - a potion of magic


   Skills:
 + Level 0.0 Fighting
 + Level 0.0 Short Blades
 + Level 0.0 Long Blades
 + Level 0.0 Axes
 + Level 0.0 Maces & Flails
 + Level 0.0 Polearms
 + Level 0.0 Staves
 + Level 0.0 Ranged Weapons
 + Level 0.0 Throwing
 + Level 0.0 Armour
 + Level 4.4 Dodging
 + Level 4.0 Stealth
 + Level 0.0 Shields
 + Level 0.0 Unarmed Combat
 + Level 4.8 Spellcasting
 + Level 7.0 Conjurations
 + Level 0.0 Hexes
 + Level 0.0 Summonings
 + Level 0.0 Necromancy
 + Level 0.0 Translocations
 + Level 0.0 Transmutations
 + Level 0.0 Fire Magic
 + Level 0.0 Ice Magic
 + Level 0.0 Air Magic
 + Level 0.0 Earth Magic
 + Level 0.0 Poison Magic
 + Level 0.1 Invocations
 + Level 0.0 Evocations


You had 8 spell levels left.
You knew the following spells:

 Your Spells              Type           Power      Damage    Failure   Level
a - Magic Dart            Conj           100%       1d8       1%          1

Your spell library contained the following spells:

 Spells                   Type           Power      Damage    Failure   Level
 Searing Ray              Conj           56%        2d6       1%          2
 Dazzling Flash           Conj/Hex       32%        N/A       10%         3
 Fulminant Prism          Conj/Hex       8%         3d7       32%         4
 Iskenderun's Mystic Bla  Conj/Tloc      16%        2d5       32%         4


Dungeon Overview and Level Annotations

Branches:
Dungeon (1/15)

Altars:
Qazlal


Innate Abilities, Weirdness & Mutations

You have very sharp teeth.
Your uncanny sense of smell can sniff out nearby items.
Your experience applies equally to all skills.


Message History

Welcome, mortz the Gnoll Conjurer.
The Orb of Zot is coveted for many reasons.
Will you seize it for your own?
Press ? for a list of commands and other information.
Found a staircase leading out of the dungeon.
You open the gate.
There is an open gate here.
Found a stone staircase leading down.
A hobgoblin comes into view.
c - a scroll labelled EXI ULATWASS The magic dart hits the hobgoblin.
The hobgoblin is moderately wounded.
The hobgoblin shouts!
The magic dart hits the hobgoblin.
The hobgoblin is almost dead.
The magic dart hits the hobgoblin!
You kill the hobgoblin!
Magic restored.
You see here a hobgoblin corpse.
Found a faded altar of an unknown god.
Found a stone.
There is a faded altar of an unknown god here.
A goblin comes into view. It is wielding a +0 club.
The goblin shouts!
You hear an angry hiss.
A frilled lizard comes into view.
There is a faded altar of an unknown god here.
You cannot tell which god this altar belongs to.
Convert to them anyway?
Qazlal accepts your prayer! Qazlal welcomes you!
Qazlal grants you and your divine allies immunity to clouds.
You are now surrounded by a storm.
The magic dart hits the goblin!
You kill the goblin!
Qazlal accepts your kill.
The magic dart hits the frilled lizard.
You kill the frilled lizard!
Qazlal accepts your kill.
Are you sure you want to abandon this character and quit the game? (Confirm with "yes".)

∆ #..........#8..8
##.........'....
###†......##.'....
..
#...########.'....
... ##.### ###8..8
...####..#######
##...
....#..........#
##..
#.....°..(...# ##.
###..☼@.§....# #.
#§§§§§.....# #.
#..§.§.....# #.
........§.§.....#
#.
................#
♣♣
....†)..........#
................#
.....#..........#
#.##.####....###


There were no monsters in sight!

Vanquished Creatures
  A goblin (D:1)
  A hobgoblin (D:1)
  A frilled lizard (D:1)
3 creatures vanquished.

Notes
Turn   | Place    | Note
-------+----------+-------------------------------------------
     0 | D:1      | mortz the Gnoll Conjurer began the quest for the Orb.
     0 | D:1      | Reached XP level 1. HP: 13/13 MP: 6/6
    59 | D:1      | Found a faded altar of an unknown god.
    70 | D:1      | Prayed at the altar of an unknown god.
    70 | D:1      | Became a worshipper of Qazlal Stormbringer
    70 | D:1      | Reached * piety under Qazlal
    73 | D:1      | Quit the game

Illustrated notes

Levels and vault maps discovered:
D:1:      kennysheep_arrival_forest, layout_rooms, ebering_ecumenical_altar_mist

Action                   || total
-------------------------++-------
 Cast: Magic Dart        ||     5
